 Dungeon Crawl Stone Soup version 0.16-a0-253-g996e5b4 (webtiles) character file.

45 MRaven the Charmwright (level 3, 0/25 HPs)
             Began as a High Elf Skald on Aug 23, 2014.
             Succumbed to poison (a potion of poison)
             ... on Level 1 of the Dungeon.
             The game lasted 00:04:47 (1434 turns).

MRaven the Charmwright (High Elf Skald)             Turns: 1434, Time: 00:04:47

HP   0/25        AC  3     Str 11      XL: 3   Next: 42%
MP   6/8         EV 10     Int 20      God:
Gold 13          SH  0     Dex 15      Spells:  3 memorised,  1 level left

rFire  + . .     SeeInvis .     a - +0 falchion
rCold  + . .     Clarity  .     b - +0 leather armour
rNeg   . . .     rCorr    +     (no shield)
rPois  +         rRot     .     (no helmet)
rElec  +         Spirit   .     (no cloak)
SustAb .         Warding  .     (no gloves)
rMut   .         Stasis   .     (no boots)
Gourm  .                        (no amulet)
MR     .....                    (no ring)
                                g - +4 ring of intelligence

@: lethally poisoned, resistant, very slightly contaminated, hasted, very quick,
not resistant to hostile enchantments, very unstealthy
A: no striking features
a: no special abilities


You were on level 1 of the Dungeon.
You were not hungry.

You visited 1 branch of the dungeon, and saw 2 of its levels.

You collected 13 gold pieces.

Inventory:

Hand weapons
 a - a +0 falchion (weapon)
Missiles
 f - 14 poisoned needles
Armour
 b - a +0 leather armour (worn)
Comestibles
 d - a bread ration
 k - a slice of pizza
 l - a rotting chunk of goblin flesh
 o - 2 chunks of goblin flesh
Scrolls
 e - a scroll of remove curse
Jewellery
 g - a +4 ring of intelligence (left hand)
 h - an uncursed ring of magical power {unknown}
Potions
 j - a potion of haste
Books
 c - a book of Battle

   Spells                             Type                      Level
   *Infusion                          Charms                       1
   *Shroud of Golubria                Charms/Translocation         2
   *Song of Slaying                   Charms                       2
   Spectral Weapon                    Hexes/Charms                 3
   Regeneration                       Charms/Necromancy            3


   Skills:
 + Level 2.8 Fighting
 + Level 3.1 Long Blades
 - Level 0.8 Armour
 - Level 1.1 Dodging
 - Level 2.4 Spellcasting
 + Level 4.4 Charms


You had one spell level left.
You knew the following spells:

 Your Spells              Type           Power        Failure   Level  Hunger
a - Infusion              Chrm           ###...       2%          1    #......
b - Song of Slaying       Chrm           ###.....     3%          2    ##.....
c - Shroud of Golubria    Chrm/Tloc      ##........   12%         2    ##.....


Dungeon Overview and Level Annotations

Branches:
Dungeon (2/15)

Altars:


Message History

You feel sick.
Drink which item? (? for menu, Esc to quit)
You feel protected.
It was a potion of resistance.
* * * LOW HITPOINT WARNING * * *
You feel sick.
There is a lethal amount of poison in your body!
There is a lethal amount of poison in your body!
There is a lethal amount of poison in your body!
There is a lethal amount of poison in your body!
* * * LOW HITPOINT WARNING * * *
You feel sick.
* * * LOW HITPOINT WARNING * * *
You feel sick.
* * * LOW HITPOINT WARNING * * *
You feel sick.
You are no longer magically infusing your attacks.
* * * LOW HITPOINT WARNING * * *
You feel sick.
You die...

#.##.#.##..#.
####.##.......#. ###
#....##....#.... ##.#####
###....##.#..#..#.
##......#
#####.......#.........
#.......#
#(..............##....
##......#
#.###.......#.####....
##.##.####.#
#.#....##.........
##.##......#
#@#....#######....
#..###########.##....####
###.. #.##
#..).....####.....# #..
#.#
#.#####...........#####..
#.# #.#
##................... #.#
#.# #....................
#.# #.#
##....#.########.#...
#.##
#.#####...#.#......#.#...
#..#
#.........#.#.####.#.#...


There were no monsters in sight!

Vanquished Creatures
  A gnoll (D:1)
  An adder (D:1)
  3 goblins (D:1)
  4 hobgoblins (D:1)
  4 jackals (D:1)
  5 bats (D:1)
  2 giant newts (D:1)
  3 kobolds (D:1)
  3 rats (D:1)
26 creatures vanquished.

Notes
Turn   | Place    | Note
--------------------------------------------------------------
     0 | D:1      | MRaven, the High Elf Skald, began the quest for the Orb.
     0 | D:1      | Reached XP level 1. HP: 14/14 MP: 4/4
   119 | D:1      | Reached skill level 4 in Charms
   289 | D:1      | Reached XP level 2. HP: 19/19 MP: 6/6
   293 | D:1      | Learned a level 2 spell: Song of Slaying
   296 | D:1      | Learned a level 2 spell: Shroud of Golubria
   861 | D:1      | Reached XP level 3. HP: 21/25 MP: 2/8
  1433 | D:1      | HP: 1/25 [poison (a potion of poison)]
  1434 | D:1      | Succumbed to poison (a potion of poison)

Action                   || total
-------------------------++-------
Melee: Falchion          ||    74
 Cast: Infusion          ||     8
  Use: Potion            ||     3
       Scroll            ||     2
  Eat: Chunk             ||     2
